 Dungeon Crawl Stone Soup version 0.31-a0-1522-g43313d8a59 (webtiles) character file.

Game seed: 17766206172946732137

253 shadizar the Magician (level 6, 0/47 HPs)
             Began as a Djinni Fire Elementalist on Dec 30, 2023.
             Slain by Pikel
             ... wielding a +2 whip of electrocution
              (8 damage)
             ... on level 4 of the Dungeon.
             The game lasted 00:05:15 (3167 turns).

shadizar the Magician (Djinni Fire Elementalist)    Turns: 3167, Time: 00:05:16

Health: 0/47       AC:  3    Str: 13    XL:     6   Next: 37%
Gold:   169        EV: 12    Int: 18    God:
                   SH:  0    Dex: 14

rFire   + + .        d - +2 dagger (speed)
rCold   x . .        (no shield)
rNeg    . . .        a - +0 robe
rPois   ∞            (no helmet)
rElec   .            (no cloak)
rCorr   .            q - +0 pair of gloves
SInv    .            (boots unavailable)
Will    .....        (no amulet)
Stlth   ++           h - +6 ring of strength
HPRegen 0.27/turn    (no ring)
MPRegen 0.00/turn

%: infuse magic (-1 HP)
@: flying
A: sickness immunity, fire resistance 2, cold vulnerability 1, float, innate
caster, HP casting, extra vitality 1
a: no special abilities


You were on level 4 of the Dungeon.
You visited 1 branch of the dungeon, and saw 4 of its levels.

You collected 169 gold pieces.

Inventory:

Hand Weapons
 d - a +2 dagger of speed (weapon)
Armour
 a - a +0 robe (worn)
 k - the +1 plate armour of the Knight of Cups {rC++ Regen+ MP+9 Dex-2 SInv}
   (You found it on level 2 of the Dungeon)

   Dex-2:     It affects your dexterity (-2).
   rC++:      It greatly protects you from cold.
   MP+9:      It affects your magic capacity (+9).
   SInv:      It lets you see invisible.
   Regen+:    It increases your rate of health regeneration.
 q - a +0 pair of gloves (worn)
Jewellery
 h - a +6 ring of strength (left hand)
Scrolls
 c - 3 scrolls of fog {unknown}
 i - a scroll of silence {unknown}
 j - a scroll of identify {unknown}
 m - a scroll of teleportation {unknown}
 n - a scroll of immolation {unknown}
 o - a scroll of noise {unknown}
 p - a scroll of vulnerability {unknown}
 s - a scroll of fear {unknown}
Potions
 b - 3 potions of curing {unknown}
 e - 2 potions of enlightenment {unknown}
 f - 2 potions of attraction {unknown}
 g - 3 potions of brilliance {unknown}
 l - a potion of heal wounds {unknown}
 r - a potion of might {unknown}


   Skills:
 + Level 4.0 Fighting
 - Level 2.2 Dodging
 - Level 1.6 Stealth
 + Level 4.4 Spellcasting
 + Level 4.4 Conjurations
 + Level 4.4 Hexes
 + Level 4.4 Summonings
 + Level 4.4 Necromancy
 + Level 4.4 Translocations
 + Level 4.4 Fire Magic
 + Level 4.4 Ice Magic
 + Level 4.4 Air Magic
 + Level 4.4 Earth Magic
 + Level 4.4 Alchemy


You knew the following spells:

 Your Spells              Type           Power      Damage    Failure   Level
a - Foxfire               Conj/Fire      80%        2x1d8     2%          1
b - Scorch                Fire           40%        2d6       3%          2
c - Volatile Blastmotes   Fire/Tloc      40%        2d13      7%          3
d - Inner Flame           Hex/Fire       20%        N/A       7%          3
e - Flame Wave            Conj/Fire      20%        2d7       22%         4
f - Sandblast             Erth           40%        2d10      2%          1
g - Static Discharge      Conj/Air       40%        3-5/arc   3%          2
Your spell library was empty.

Dungeon Overview and Level Annotations

Branches:
Dungeon (4/15)
 Temple: D:4-7

Altars:

Annotations:
D:4 Pikel


Innate Abilities, Weirdness & Mutations

You are immune to sickness and miasma.
You are immune to poison.
Your flesh is very heat resistant. (rF++)
You are vulnerable to cold. (rC-)
You float through the air rather than walking.
You learn spells naturally, not from books.
Your magical power is your life essence.
You have superior vitality. (+4 MHP)


Message History

The foxfire hits Pikel.
Pikel is moderately wounded.
Casting: Foxfire (safe; 2% risk of failure)
Confirm with . or Enter, or press ? or * to list all spells.
You conjure some foxfire!
The foxfire hits Pikel but does no damage.
Pikel is moderately wounded.
The foxfire hits Pikel but does no damage.
Pikel is moderately wounded.
A lemure comes into view.
Unknown command.
Casting: Foxfire (safe; 2% risk of failure)
Confirm with . or Enter, or press ? or * to list all spells.
You conjure some foxfire!
The lemure shouts!
You hear a shout!
The foxfire hits Pikel but does no damage.
Pikel is moderately wounded.
The foxfire hits Pikel but does no damage.
Pikel is moderately wounded.
Pikel says, "I knew I should've brought a map."
Pikel barely misses you.
A lemure comes into view.
Casting: Foxfire (safe; 2% risk of failure)
Confirm with . or Enter, or press ? or * to list all spells.
Flames lash the goblin.
You kill the goblin!
The foxfire hits Pikel but does no damage.
Pikel is moderately wounded.
The foxfire hits Pikel.
Pikel is moderately wounded.
Pikel hits you with a +2 whip of electrocution!
You are electrocuted!!
* * * LOW HITPOINT WARNING * * *
Casting: Scorch (safe; 3% risk of failure)
Confirm with . or Enter, or press ? or * to list all spells.
You don't know that spell.
Pikel attacks as he pursues you!
Pikel hits you with a +2 whip of electrocution!
You die...
Pikel says, "See you in Hell!"

### ###.#
###...##
#...<..## .
##..@...# ..#
##..K...#....#
#.............
#..#..J........
#...#..)...>....
##......).......
##5............
#..5...........
...............


You could see Pikel, a lemure and an endoplasm.

Vanquished Creatures
  A centaur (D:4)
  A bombardier beetle (D:3)
  An orc wizard (D:3)
  3 adders
  5 dart slugs
  A ribbon worm (D:3)
  6 orcs (D:3)
  7 bats
  3 endoplasms
  4 giant cockroaches
  12 goblins
  4 hobgoblins
  5 jackals
  5 kobolds
  2 quokkas
  4 ball pythons
  5 frilled lizards
  6 rats
  4 butterflies (D:1)
79 creatures vanquished.

Vanquished Creatures (collateral kills)
  2 foxfires (D:1)
2 creatures vanquished.

Vanquished Creatures (others)
  208 foxfires
208 creatures vanquished.

Grand Total: 289 creatures vanquished

Notes
Turn   | Place    | Note
-------+----------+-------------------------------------------
     0 | D:1      | shadizar the Djinni Fire Elementalist began the quest for
                  | the Orb.
     0 | D:1      | shadizar set off with the following spells memorised:
                  | Foxfire, Scorch, Volatile Blastmotes, Inner Flame, Flame
                  | Wave.
     0 | D:1      | Reached XP level 1. HP: 15/15 MP: 0/0
   244 | D:1      | Reached XP level 2. HP: 20/22 MP: 0/0
   280 | D:1      | Found a faded altar of an unknown god.
   379 | D:1      | Reached skill level 1 in Fighting
   496 | D:1      | Reached XP level 3. HP: 24/27 MP: 0/0
   496 | D:1      | Learned a level 1 spell: Sandblast
  1222 | D:2      | Reached XP level 4. HP: 27/33 MP: 0/0
  1584 | D:2      | Found Uhydud's General Store.
  1679 | D:2      | Identified the +1 plate armour of the Knight of Cups {rC++
                  | Regen+ MP+9 Dex-2 SInv}
  2283 | D:3      | Reached XP level 5. HP: 34/40 MP: 0/0
  2283 | D:3      | Learned a level 2 spell: Static Discharge
  3152 | D:4      | Noticed a centaur
  3155 | D:4      | Killed a centaur
  3156 | D:4      | Reached XP level 6. HP: 40/47 MP: 0/0
  3157 | D:4      | Noticed Pikel
  3167 | D:4      | Slain by Pikel

Illustrated notes

Levels and vault maps discovered:
D:1:      spicycebolla_arrival_clurvy, layout_basic,
          nicolae_ecumenical_lake_church
D:2:      layout_loops_ring, serial_shops, shop
D:3:      layout_basic
D:4:      layout_cave_pools, fiery_altar_vehumet, serial_park,
          serial_park_tiny_pond, serial_park_gazebo
          [serial_park_minivault_5x5_4], serial_park_square3
          [serial_park_minivault_5x5_2], serial_park_tiny_1, serial_park_square3
          [serial_park_minivault_5x5_7], uniq_crazy_yiuf_cottage, uniq_natasha,
          uniq_pikel, uniq_menkaure

Skill      XL: |  1  2  3  4  5  6 |
---------------+-------------------+-----
Fighting       | 1 2 3 4 |  4.0
Spellcasting   | 4 |  4.4
Conjurations   | 4 |  4.4
Hexes          | 4 |  4.4
Summonings     | 4 |  4.4
Necromancy     | 4 |  4.4
Translocations | 4 |  4.4
Fire Magic     | 4 |  4.4
Ice Magic      | 4 |  4.4
Air Magic      | 4 |  4.4
Earth Magic    | 4 |  4.4
Alchemy        | 4 |  4.4
Dodging        | |  2.2
Stealth        | |  1.6

Action                     |  1- 3 |  4- 6 || total
---------------------------+-------+-------++-------
  Melee: Dagger            |     3 |     6 ||     9
   Cast: Foxfire           |    80 |    77 ||   157
         Scorch            |     8 |    30 ||    38
 Armour: Robe              |    11 |     7 ||    18
  Dodge: Dodged            |     7 |    10 ||    17

Table legend: (Time is in decaauts)
 A = Elapsed time spent in this place.
 B = Non-inter-level travel time spent in this place.
 C = Inter-level travel time spent in this place.
 D = Time resting spent in this place.
 E = Time spent auto-exploring this place.
 F = Levels seen in this place.
 G = Mean time per level.
                   A        B        C        D        E       F      G
               +--------+--------+--------+--------+--------+-----+--------+
         Total |   3162 |   3063 |     99 |      0 |   2574 |   4 |  790.5 |
       Dungeon |   3162 |   3063 |     99 |      0 |   2574 |   4 |  790.5 |
               +--------+--------+--------+--------+--------+-----+--------+

Top non-repeatable levels by time:
     D:1: 1169 daAuts
     D:3: 1124 daAuts
     D:2: 846 daAuts
     D:4: 22 daAuts
